 Dungeon Crawl Stone Soup version 0.17.1-1-g73c8601 (webtiles) character file.

10588 Killerpretzel the Destroyer (level 11, -2/62 HPs)
             Began as a Deep Elf Conjurer on Dec 29, 2015.
             Was a Priest of Vehumet.
             Slain by a five-headed hydra (8 damage)
             ... on level 2 of the Lair of Beasts.
             The game lasted 01:34:43 (15301 turns).

Killerpretzel the Destroyer (Deep Elf Conjurer)    Turns: 15301, Time: 01:34:43

Health: -2/62      AC:  7    Str:  8    XL:     11   Next: 38%
Magic:  8/25       EV: 17    Int: 25    God:    Vehumet [***...]
Gold:   189        SH:  0    Dex: 15    Spells: 6 memorised, 7 levels left

rFire  + + +     SeeInvis .     U - staff of fire
rCold  . . .     Clarity  .     R - +2 robe {rF+}
rNeg   . . .     SustAt   .     (no shield)
rPois  .         Gourm    .     w - +1 helmet
rElec  .         Spirit   .     (no cloak)
rCorr  .         Warding  .     (no gloves)
rMut   .         Stasis   .     f - +0 pair of boots
MR     +....                    (no amulet)
Stlth  ++........               i - +4 ring of intelligence
                                F - ring of protection from fire

@: somewhat resistant to hostile enchantments, unstealthy
A: no striking features
a: Renounce Religion


You were on level 2 of the Lair of Beasts.
You worshipped Vehumet.
Vehumet was most pleased with you.
You were not hungry.

You visited 3 branches of the dungeon, and saw 12 of its levels.

You collected 577 gold pieces.
You spent 388 gold pieces at shops.

Inventory:

Hand Weapons
 x - a +0 flail of holy wrath
 J - a +0 short sword of venom
Missiles
 L - 5 steel tomahawks
 P - 19 tomahawks (quivered)
Armour
 d - a cursed +0 leather armour
 f - a +0 pair of boots (worn)
 h - a +0 helmet
 w - a +1 helmet (worn)
 R - a +2 robe of fire resistance (worn)
Magical Staves
 U - an uncursed staff of fire (weapon)
Jewellery
 g - an uncursed ring of positive energy
 i - a +4 ring of intelligence (right hand)
 p - an uncursed ring of stealth
 F - a ring of protection from fire (left hand)
Wands
 j - a wand of magic darts (20)
 n - a wand of digging (13)
 s - a wand of polymorph (13)
 A - a wand of frost (21)
 C - a wand of frost (21)
Scrolls
 c - a scroll of identify
 E - 3 scrolls of immolation
 I - 3 scrolls of teleportation
 M - 2 scrolls of fog
Potions
 e - a potion of lignification {unknown}
 l - 11 potions of curing
 m - a potion of resistance
 o - 5 potions of heal wounds
 D - 4 potions of brilliance {unknown}
Comestibles
 a - 4 meat rations
 b - 5 chunks of flesh
 q - 18 fruits


   Skills:
 + Level 4.7 Fighting
 + Level 7.8 Dodging
 - Level 2.4 Stealth
 + Level 8.2 Spellcasting
 * Level 12.8 Conjurations
 - Level 11.0 Charms
 * Level 5.8 Fire Magic


You had 7 spell levels left.
You knew the following spells:

 Your Spells              Type           Power        Failure   Level  Hunger
a - Magic Dart            Conj           ####         1%          1    None
b - Searing Ray           Conj           ######       1%          2    None
c - Mephitic Cloud        Conj/Pois/Air  ####....     1%          3    None
d - Ring of Flames        Chrm/Fire      ######....   99%         7    #######
e - Summon Butterflies    Summ           ##......     8%          1    None
w - Iskenderun's Battles  Conj/Chrm      ######..     1%          5    ####...


Dungeon Overview and Level Annotations

Branches:
Dungeon (9/15)             Temple (1/1) D:6            Lair (2/8) D:9
    Orc (0/4) D:9

Altars:
Ashenzari
Cheibriados
Dithmenos
Elyvilon
Fedhas
Gozag
Kikubaaqudgha
Makhleb
Nemelex Xobeh
Okawaru
Qazlal
Ru
Sif Muna
Trog
Vehumet
Xom
Yredelemnul
Zin
The Shining One

Shops:
D:8 [[*![   D:9 [

Annotations:
D:3 Grinder


Message History

The five-headed hydra is heavily wounded.
Your battlesphere fires!
The barrage of energy hits the five-headed hydra.
The five-headed hydra is severely wounded.
Your battlesphere expends the last of its energy and dissipates.
The searing ray hits the five-headed hydra.
The five-headed hydra is severely wounded.
The five-headed hydra closely misses you.
The five-headed hydra bites you! The five-headed hydra misses you.
The five-headed hydra closely misses you.
The five-headed hydra bites you!
Casting: Searing Ray
Confirm with . or Enter, or press ? or * to list all spells.
You conjure a globe of magical energy.
The five-headed hydra bites you!
* * * LOW HITPOINT WARNING * * *
The five-headed hydra bites you but does no damage.
The five-headed hydra bites you!
* * * LOW HITPOINT WARNING * * *
The five-headed hydra bites you!
You die...

..>..................
...........####..P.P
#..........# #P.^##
##........## ##..#
#.........# #.##
###........#####..#
#.#..#..#....#P...##
#..#*............##
#.@................
#.D....#........#P.
##.###.P...........
... .......P......
...######..........
.[## #....#..#PP ..
#........... ...
#........... ###
#...........


You could see a five-headed hydra.

Vanquished Creatures
  A hydra (Lair:1)
  Sonja (Lair:1)
  A black mamba (Lair:1)
  3 spiny frogs (Lair:1)
  2 komodo dragons
  A two-headed ogre (D:8)
  15 yaks
  5 hippogriffs
  A basilisk (Lair:1)
  A water moccasin (D:8)
  Duvessa (D:7)
  3 sky beasts
  A porcupine (Lair:2)
  4 phantoms
  3 ice beasts
  2 orc warriors
  3 centaurs
  A black bear (D:8)
  The ghost of Clownie the Sneak, an amateur OpAs (D:4)
  3 crocodiles
  9 giant frogs
  2 big kobolds (D:8)
  Dowan (D:7)
  A scorpion (D:4)
  4 wights (D:7)
  2 centaur zombies
  A crimson imp (D:5)
  3 jellies
  4 hounds
  9 orc wizards
  6 iguanas
  A centaur skeleton (D:9)
  6 orc priests
  A giant frog skeleton (D:8)
  Terence (D:3)
  Natasha (thrice) (D:3)
  4 worker ants
  A hound skeleton (D:9)
  Robin (D:2)
  9 adders
  5 gnolls
  5 river rats (Lair:1)
  A shadow imp (D:9)
  An ooze (D:2)
  4 worms
  37 orcs
  A ball python (D:7)
  7 giant cockroaches
  11 hobgoblins
  11 jackals
  9 kobolds
  8 quokkas
  7 bats
  5 giant geckos
  2 giant gecko skeletons
  A giant gecko zombie (D:8)
  A giant newt (D:5)
  11 goblins
  A jackal skeleton (D:8)
  A quokka zombie (D:6)
  3 rats
254 creatures vanquished.

Vanquished Creatures (others)
  A bush (Lair:1)
  A fungus (Lair:1)
2 creatures vanquished.

Grand Total: 256 creatures vanquished

Notes
Turn   | Place    | Note
--------------------------------------------------------------
     0 | D:1      | Killerpretzel the Deep Elf Conjurer began the quest for the Orb.
     0 | D:1      | Reached XP level 1. HP: 10/10 MP: 6/6
   342 | D:1      | Reached XP level 2. HP: 15/15 MP: 6/8
   346 | D:1      | Learned a level 2 spell: Searing Ray
   708 | D:1      | Reached skill level 5 in Conjurations
  1080 | D:2      | Reached XP level 3. HP: 19/19 MP: 1/9
  1812 | D:2      | Noticed Robin
  1936 | D:2      | Killed Robin
  1936 | D:2      | Reached skill level 6 in Conjurations
  1961 | D:2      | Reached XP level 4. HP: 24/24 MP: 1/10
  2462 | D:3      | Noticed Natasha
  2465 | D:3      | Killed Natasha
  2544 | D:3      | Noticed Terence
  2549 | D:3      | Killed Terence
  2564 | D:3      | Reached skill level 7 in Conjurations
  2564 | D:3      | Reached XP level 5. HP: 28/28 MP: 2/11
  2580 | D:3      | Noticed Natasha
  2590 | D:3      | Killed Natasha
  2796 | D:3      | Learned a level 5 spell: Iskenderun's Battlesphere
  2862 | D:3      | Found an iron altar of Okawaru.
  2871 | D:3      | Noticed Natasha
  2871 | D:3      | Killed Natasha
  2930 | D:3      | Reached skill level 1 in Charms
  3455 | D:3      | Noticed Grinder
  3875 | D:4      | Noticed Clownie's ghost (amateur OpAs)
  3918 | D:4      | Killed Clownie's ghost
  3918 | D:4      | Reached XP level 6. HP: 29/32 MP: 4/12
  4494 | D:4      | Reached skill level 8 in Conjurations
  5204 | D:5      | Entered Level 5 of the Dungeon
  5237 | D:4      | Reached skill level 5 in Charms
  5237 | D:4      | Reached XP level 7. HP: 36/36 MP: 7/13
  5925 | D:5      | Reached skill level 9 in Conjurations
  6188 | D:5      | Found a snail-covered altar of Cheibriados.
  6188 | D:5      | Found a deep blue altar of Sif Muna.
  6245 | D:5      | Reached XP level 8. HP: 41/41 MP: 7/14
  6609 | D:6      | Found a staircase to the Ecumenical Temple.
  6614 | Temple   | Entered the Ecumenical Temple
  6704 | Temple   | Became a worshipper of Vehumet
  6949 | D:6      | Found a shimmering altar of Xom.
  7193 | D:6      | Reached skill level 1 in Fighting
  7394 | D:6      | Reached skill level 10 in Conjurations
  7484 | D:6      | Found a stormy altar of Qazlal.
  8281 | D:7      | Reached XP level 9. HP: 46/48 MP: 6/17
  8467 | D:7      | Found an opulent altar of Gozag.
  8484 | D:7      | Noticed Duvessa
  8484 | D:7      | Noticed Dowan
  8491 | D:7      | Killed Duvessa
  8494 | D:7      | Killed Dowan
  8779 | D:7      | Reached * piety under Vehumet
  8779 | D:7      | Offered knowledge of Shock by Vehumet.
  8781 | D:7      | Reached skill level 5 in Spellcasting
  8793 | D:7      | Found a blossoming altar of Fedhas.
  9248 | D:8      | Found a glowing golden altar of the Shining One.
  9315 | D:8      | Found Wybli's Antique Armour Emporium.
  9380 | D:8      | Reached skill level 5 in Dodging
  9543 | D:8      | Found Awnosiog's Armour Emporium.
  9617 | D:8      | Learned a level 1 spell: Summon Butterflies
  9627 | D:8      | Reached skill level 11 in Conjurations
  9750 | D:8      | Found Liwuets's Assorted Antiques.
  9956 | D:8      | Bought a scroll of identify for 52 gold pieces
  9956 | D:8      | Bought a potion of curing for 78 gold pieces
  9956 | D:8      | Bought a potion of curing for 78 gold pieces
  9958 | D:8      | Found Lukoxt's Distillery.
  9964 | D:8      | Bought a potion of poison for 12 gold pieces
  9964 | D:8      | Bought a potion of degeneration for 12 gold pieces
  9964 | D:8      | Bought a potion of curing for 36 gold pieces
  9964 | D:8      | Bought a potion of heal wounds for 60 gold pieces
  9964 | D:8      | Bought a potion of heal wounds for 60 gold pieces
 10045 | D:8      | Found Rilemead's Antique Armour Boutique.
 10193 | D:8      | Reached skill level 10 in Charms
 10194 | D:8      | Offered knowledge of Throw Frost by Vehumet.
 10196 | D:8      | Reached ** piety under Vehumet
 10309 | D:8      | Learned a level 7 spell: Ring of Flames
 10576 | D:9      | Found a staircase to the Lair.
 10723 | D:9      | Reached skill level 1 in Fire Magic
 10789 | D:9      | Found a staircase to the Orcish Mines.
 10802 | D:9      | Reached XP level 10. HP: 47/56 MP: 12/21
 11330 | Lair:1   | Entered Level 1 of the Lair of Beasts
 11615 | Lair:1   | Noticed Sonja
 11619 | Lair:1   | Killed Sonja
 12220 | Temple   | Learned a level 3 spell: Mephitic Cloud
 12622 | D:9      | Offered knowledge of Inner Flame by Vehumet.
 12642 | D:9      | Reached skill level 12 in Conjurations
 13047 | Lair:1   | Noticed a seven-headed hydra
 13053 | Lair:1   | Killed a seven-headed hydra
 13295 | Lair:1   | Reached XP level 11. HP: 62/62 MP: 18/24
 13403 | Lair:1   | Noticed a black mamba
 13455 | Lair:1   | Killed a black mamba
 13455 | Lair:1   | Reached skill level 5 in Fire Magic
 13735 | Lair:1   | Reached *** piety under Vehumet
 15293 | Lair:2   | Noticed a five-headed hydra
 15301 | Lair:2   | Slain by a five-headed hydra

Action                   |  1- 3 |  4- 6 |  7- 9 | 10-12 || total
-------------------------+-------+-------+-------+-------++-------
Melee: Hand axe          |       |     9 |       |       ||     9
Throw: Tomahawk          |       |    15 |       |     2 ||    17
       Stone             |       |     6 |       |       ||     6
 Cast: Magic Dart        |    64 |   112 |   214 |   170 ||   560
       Searing Ray       |     4 |    14 |     9 |     9 ||    36
       Iskenderun's Batt |       |       |    37 |    52 ||    89
       Mephitic Cloud    |       |       |       |     5 ||     5
Evoke: Wand              |       |       |       |     3 ||     3
  Use: Scroll            |     6 |     9 |     7 |     8 ||    30
       Potion            |       |     2 |     1 |       ||     3
  Eat: Chunk             |     3 |     9 |    25 |    17 ||    54
       Fruit             |       |       |     6 |    11 ||    17
